 Dungeon Crawl Stone Soup version 0.20.0-15-g7f486f2 (webtiles) character file.

28 Hook the Sneak (level 3, 0/18 HPs)
             Began as a Vine Stalker Enchanter on June 20, 2017.
             Killed from afar by a white imp (9 damage)
             ... with a puff of frost
             ... summoned by Natasha
             ... on level 2 of the Dungeon.
             The game lasted 00:02:13 (878 turns).

Hook the Sneak (Vine Stalker Enchanter)              Turns: 878, Time: 00:02:14

Health: 0/18       AC:  2    Str: 11    XL:     3   Next: 14%
Magic:  0/7        EV: 15    Int: 15    God:
Gold:   73         SH:  0    Dex: 14    Spells: 3/6 levels left

rFire    . . .     SeeInvis .   a - +1 dagger
rCold    . . .     Gourm    .   (no shield)
rNeg     . . .     Faith    .   b - +0 robe
rPois    .         Spirit   +   (no helmet)
rElec    .         Reflect  .   (no cloak)
rCorr    .         Harm     .   (no gloves)
MR       .....                  (no boots)
Stlth    +++.......             (no amulet)
Regen    0.1/turn               i - +3 ring of evasion
MPRegen  0.1/turn               (no ring)

@: no status effects
A: fangs 2, magic shield, antimagic bite, no potion heal 3, rot immunity
a: no special abilities


You were on level 2 of the Dungeon.
You were not hungry.

You visited 1 branch of the dungeon, and saw 2 of its levels.

You collected 73 gold pieces.

Inventory:

Hand Weapons
 a - a +1 dagger (weapon)
Armour
 b - a +0 robe (worn)
Jewellery
 i - a +3 ring of evasion (left hand)
 j - a cursed ring of loudness {unknown}
Scrolls
 e - a scroll of blinking {unknown}
 h - 3 scrolls of remove curse {unknown}
Books
 c - a book of Maledictions

   Spells                             Type                      Level
   a - Corona                         Hexes                        1
   b - Ensorcelled Hibernation        Hexes/Ice                    2
   c - Confuse                        Hexes                        3
   d - Tukima's Dance                 Hexes                        3
   e - Dazzling Spray                 Conjuration/Hexes            3
Comestibles
 d - a bread ration
 f - 2 fruits
 k - a royal jelly


   Skills:
 * Level 1.0 Fighting
 + Level 1.1 Short Blades
 * Level 1.8 Dodging
 + Level 4.0 Stealth
 + Level 2.2 Spellcasting
 + Level 3.3 Hexes


You had 3 spell levels left.
You knew the following spells:

 Your Spells              Type           Power        Failure   Level  Hunger
a - Corona                Hex            ##.....      5%          1    #......
b - Ensorcelled Hibernat  Hex/Ice        #.....       17%         2    ###....


Dungeon Overview and Level Annotations

Branches:
Dungeon (2/15)

Altars:

Annotations:
D:2 Natasha


Innate Abilities, Weirdness & Mutations

You have extremely sharp teeth.
When hurt, damage is shared between your health and your magic reserves.
Your bite disrupts and absorbs the magic of your enemies.
Potions cannot restore your health.
You are immune to rotting.


Message History

Aiming: Corona
Press: ? - help, Shift-Dir - straight line, f - frilled lizard
Aim: a frilled lizard (chance to defeat MR: 64%)
The frilled lizard is outlined in light.
Natasha zaps a wand.
The puff of flame hits you!
It is a wand of flame (?/48).
The frilled lizard completely misses you.
The kobold completely misses you.
You hit the frilled lizard.
You kill the frilled lizard!
Natasha mumbles some strange words.
Casting: Corona
Confirm with . or Enter, or press ? or * to list all spells.
Aiming: Corona
Press: ? - help, Shift-Dir - straight line, f - kobold
Aim: a kobold, wielding a dagger (chance to defeat MR: 64%)
The kobold is outlined in light.
The kobold closely misses you. The white imp gestures at you.
The puff of frost hits you!
Ouch! That really hurt!
You die...

# #....[... .
#........ ##
.##>....... ...
.......5##
#...##...h....#
#...........#
#..†.......
#..@K....#
##.......#
#.......#
##.###### #.#
#.# ... ..#


You could see Natasha, a white imp and a kobold.

Vanquished Creatures
  3 dart slugs (D:1)
  A leopard gecko (D:1)
  5 goblins (D:1)
  A hobgoblin (D:1)
  3 bats (D:1)
  5 frilled lizards
  3 kobolds
  2 rats (D:1)
23 creatures vanquished.

Notes
Turn   | Place    | Note
-------+----------+-------------------------------------------
     0 | D:1      | Hook the Vine Stalker Enchanter began the quest for the Orb.
     0 | D:1      | Reached XP level 1. HP: 9/9 MP: 4/4
     3 | D:1      | Noticed an electric eel
   229 | D:1      | Reached XP level 2. HP: 14/14 MP: 6/6
   442 | D:1      | Learned a level 2 spell: Ensorcelled Hibernation
   462 | D:1      | Reached skill level 1 in Fighting
   576 | D:1      | Reached skill level 1 in Short Blades
   676 | D:1      | Reached XP level 3. HP: 16/18 MP: 5/7
   858 | D:2      | Reached skill level 4 in Stealth
   875 | D:2      | Noticed Natasha
   878 | D:2      | Killed from afar by a white imp

Skill      XL: |  1  2  3 |
---------------+----------+-----
Fighting       | 1 |  1.0
Short Blades   | 1 |  1.1
Stealth        | 4 |  4.0
Dodging        | |  1.8
Spellcasting   | |  2.2
Hexes          | |  3.3

Action                   || total
-------------------------++-------
Melee: Dagger            ||    55
       Bite              ||     8
 Cast: Corona            ||    12
       Ensorcelled Hiber ||     5
  Use: Scroll            ||     3
 Stab: Sleeping          ||     8
Armor: Robe              ||     6
Dodge: Dodged            ||    45
